| TOP OF THE 1ST |
|
Hudson Valley Renegades batting - Pitching for Chicago (NYP) White Sox : LHP Phil Peterson
|
|
Pitching: LHP Phil Peterson
|
|
|
Batting: SHB Chris Lockart
|
0-0: Called Strike 0-1: Foul Ball, location: 2F 0-2: Ball 1-2: Foul Ball, location: 2F 1-2: Foul Ball, location: 2F 1-2: DOUBLE (Flyball, 78D, EV 90.0 MPH)
|
|
Batting: RHB Wan-ling Zhu
|
0-0: Called Strike 0-1: Ball 1-1: Foul Ball, location: 2F 1-2: Foul Ball, location: 2F 1-2: Ball 2-2: Strikes out swinging
|
|
Batting: RHB Alex Koral
|
0-0: Ball 1-0: Called Strike Chris Lockart steals 3rd base 1-1: Ball 2-1: Ball 3-1: Fly out, F7 (Flyball, 78M, EV 98.1 MPH)
|
|
Batting: SHB Joshua Jackson
|
0-0: Ground out 4-3 (Groundball, 4M, EV 84.4 MPH)
|
| Top of the 1st over - 0 runs, 1 hit, 0 errors, 1 left on base; Hudson Valley 0 - Chicago (NYP) 0 |
| BOTTOM OF THE 1ST |
|
Chicago (NYP) White Sox batting - Pitching for Hudson Valley Renegades : LHP Jake Fields
|
|
Pitching: LHP Jake Fields
|
|
|
Batting: RHB Rafael Medina
|
0-0: Ball 1-0: Called Strike 1-1: Foul Ball, location: 2F 1-2: Ball 2-2: Foul Ball, location: 2F 2-2: Ball 3-2: Ground out 1-3 (Groundball, 13, EV 66.9 MPH)
|
|
Batting: RHB Shintaro Katsumata
|
0-0: SINGLE (Line Drive, 4D, EV 98.8 MPH)
|
|
Batting: SHB Danny Gallegos
|
Pickoff Play to 1st, Runner tries for 2nd, OUT after rundown. 0-0: SINGLE (Groundball, 6S, EV 73.8 MPH) (infield hit)
|
|
Batting: RHB Jeremy Lewis
|
0-0: Ball 1-0: Called Strike Danny Gallegos is caught stealing 2nd base 2-4
|
| Bottom of the 1st over - 0 runs, 2 hits, 0 errors, 0 left on base; Hudson Valley 0 - Chicago (NYP) 0 |
| TOP OF THE 2ND |
|
Hudson Valley Renegades batting - Pitching for Chicago (NYP) White Sox : LHP Phil Peterson
|
|
Batting: RHB Joe Hartigan
|
0-0: Ball 1-0: Foul Ball, location: 2F 1-1: Called Strike 1-2: Strikes out swinging
|
|
Batting: RHB Jon Gonzales
|
0-0: Called Strike 0-1: Ball 1-1: Swinging Strike 1-2: Ball 2-2: Strikes out looking
|
|
Batting: RHB Mikey Sano
|
0-0: DOUBLE (Flyball, 89D, EV 100.6 MPH)
|
|
Batting: RHB Eric Waugaman
|
0-0: Ball 1-0: Called Strike 1-1: Ground out 6-3 (Groundball, 6MD, EV 103.8 MPH)
|
| Top of the 2nd over - 0 runs, 1 hit, 0 errors, 1 left on base; Hudson Valley 0 - Chicago (NYP) 0 |
| BOTTOM OF THE 2ND |
|
Chicago (NYP) White Sox batting - Pitching for Hudson Valley Renegades : LHP Jake Fields
|
|
Batting: RHB Jeremy Lewis
|
0-0: Called Strike 0-1: Ball 1-1: Ball 2-1: Fly out, F7 (Line Drive, 78M, EV 87.5 MPH)
|
|
Batting: LHB Anthony Mosley
|
0-0: Swinging Strike 0-1: Ball 1-1: Called Strike 1-2: Strikes out looking
|
|
Batting: RHB Steve Byerly
|
0-0: Called Strike 0-1: Ball 1-1: Called Strike 1-2: Ball 2-2: Ball 3-2: Foul Ball, location: 2F 3-2: Foul Ball, location: 2F 3-2: Foul Ball, location: 2F 3-2: Base on Balls
|
|
Batting: RHB Sean Peake
|
0-0: Ball 1-0: Ball 2-0: Called Strike 2-1: Foul Ball, location: 2F 2-2: Foul Ball, location: 2F 2-2: Reached on error, E1 (Groundball, 13S, EV 66.9 MPH) Steve Byerly to third
|
|
Batting: RHB Andy Huntley
|
0-0: Ball 1-0: Foul Ball, location: 2F 1-1: Fly out, F9 (Line Drive, 89M, EV 91.2 MPH)
|
| Bottom of the 2nd over - 0 runs, 0 hits, 1 error, 2 left on base; Hudson Valley 0 - Chicago (NYP) 0 |
| TOP OF THE 3RD |
|
Hudson Valley Renegades batting - Pitching for Chicago (NYP) White Sox : LHP Phil Peterson
|
|
Batting: LHB Sean Boenig
|
0-0: Ground out 6-3 (Groundball, P, EV 87.5 MPH)
|
|
Batting: SHB Chris Lockart
|
0-0: Ball 1-0: Ball 2-0: Swinging Strike 2-1: Ball 3-1: Foul Ball, location: 2F 3-2: SINGLE (Groundball, 56, EV 103.1 MPH)
|
|
Batting: RHB Wan-ling Zhu
|
0-0: Foul Ball, location: 2F 0-1: Ball 1-1: Ball 2-1: Ball 3-1: Fly out, F9 (Flyball, 9LMF, EV 97.5 MPH)
|
|
Batting: RHB Alex Koral
|
0-0: Ball Chris Lockart steals 2nd base 1-0: Ball 2-0: Called Strike 2-1: Ball 3-1: Swinging Strike 3-2: Strikes out looking
|
| Top of the 3rd over - 0 runs, 1 hit, 0 errors, 1 left on base; Hudson Valley 0 - Chicago (NYP) 0 |
| BOTTOM OF THE 3RD |
|
Chicago (NYP) White Sox batting - Pitching for Hudson Valley Renegades : LHP Jake Fields
|
|
Batting: RHB Eduardo Calderon
|
0-0: Ball 1-0: Ball 2-0: Ball 3-0: Called Strike 3-1: Foul Ball, location: 2F 3-2: Foul Ball, location: 2F 3-2: Ground out U3 (Groundball, 3, EV 101.9 MPH)
|
|
Batting: RHB Rafael Medina
|
0-0: Called Strike 0-1: Swinging Strike 0-2: Ball 1-2: Ground out U3 (Groundball, 34, EV 85.0 MPH)
|
|
Batting: RHB Shintaro Katsumata
|
0-0: Ball 1-0: Foul Ball, location: 2F 1-1: Called Strike 1-2: Ball 2-2: Fly out, F9 (Flyball, 9, EV 89.4 MPH)
|
| Bottom of the 3rd over - 0 runs, 0 hits, 0 errors, 0 left on base; Hudson Valley 0 - Chicago (NYP) 0 |
| TOP OF THE 4TH |
|
Hudson Valley Renegades batting - Pitching for Chicago (NYP) White Sox : LHP Phil Peterson
|
|
Batting: SHB Joshua Jackson
|
0-0: Foul Ball, location: 2F 0-1: Foul Ball, location: 2F 0-2: Ball 1-2: Fly out, F7 (Flyball, 7LMF, EV 106.2 MPH)
|
|
Batting: RHB Joe Hartigan
|
0-0: Ground out 4-3 (Groundball, 4, EV 86.2 MPH)
|
|
Batting: RHB Jon Gonzales
|
0-0: Called Strike 0-1: Foul Ball, location: 2F 0-2: Strikes out swinging
|
| Top of the 4th over - 0 runs, 0 hits, 0 errors, 0 left on base; Hudson Valley 0 - Chicago (NYP) 0 |
| BOTTOM OF THE 4TH |
|
Chicago (NYP) White Sox batting - Pitching for Hudson Valley Renegades : LHP Jake Fields
|
|
Batting: SHB Danny Gallegos
|
0-0: Fly out, F8 (Flyball, 78XD, EV 101.2 MPH)
|
|
Batting: RHB Jeremy Lewis
|
0-0: Foul Ball, location: 2F 0-1: Ball 1-1: Swinging Strike 1-2: Strikes out looking
|
|
Batting: LHB Anthony Mosley
|
0-0: Ball 1-0: Ball 2-0: Foul Ball, location: 2F 2-1: Ground out 4-3 (Groundball, 4, EV 89.4 MPH)
|
| Bottom of the 4th over - 0 runs, 0 hits, 0 errors, 0 left on base; Hudson Valley 0 - Chicago (NYP) 0 |
| TOP OF THE 5TH |
|
Hudson Valley Renegades batting - Pitching for Chicago (NYP) White Sox : LHP Phil Peterson
|
|
Batting: RHB Mikey Sano
|
0-0: Ball 1-0: Called Strike 1-1: Swinging Strike 1-2: Ground out 6-3 (Groundball, 6, EV 83.1 MPH)
|
|
Batting: RHB Eric Waugaman
|
0-0: Called Strike 0-1: Ball 1-1: Foul Ball, location: 2F 1-2: Strikes out looking
|
|
Batting: LHB Sean Boenig
|
0-0: Ball 1-0: Ball 2-0: Ball 3-0: Base on Balls
|
|
Batting: SHB Chris Lockart
|
0-0: Ball Wild Pitch! Sean Boenig to second 1-0: Swinging Strike 1-1: Foul Ball, location: 2F 1-2: Strikes out swinging
|
| Top of the 5th over - 0 runs, 0 hits, 0 errors, 1 left on base; Hudson Valley 0 - Chicago (NYP) 0 |
| BOTTOM OF THE 5TH |
|
Chicago (NYP) White Sox batting - Pitching for Hudson Valley Renegades : LHP Jake Fields
|
|
Batting: RHB Steve Byerly
|
0-0: Ball 1-0: Ground out 3-1 (Groundball, 34S, EV 85.6 MPH)
|
|
Batting: RHB Sean Peake
|
0-0: Ball 1-0: Ground out 6-3 (Groundball, 6, EV 86.9 MPH)
|
|
Batting: RHB Andy Huntley
|
0-0: Swinging Strike 0-1: Ball 1-1: Called Strike 1-2: Ground out 6-3 (Groundball, 6M, EV 106.9 MPH)
|
| Bottom of the 5th over - 0 runs, 0 hits, 0 errors, 0 left on base; Hudson Valley 0 - Chicago (NYP) 0 |
| TOP OF THE 6TH |
|
Hudson Valley Renegades batting - Pitching for Chicago (NYP) White Sox : LHP Phil Peterson
|
|
Batting: RHB Wan-ling Zhu
|
0-0: Swinging Strike 0-1: Ball 1-1: Foul Ball, location: 2F 1-2: Ball 2-2: Foul Ball, location: 2F 2-2: Foul Ball, location: 2F 2-2: Strikes out looking
|
|
Batting: RHB Alex Koral
|
0-0: Foul Ball, location: 2F 0-1: Foul Ball, location: 2F 0-2: Strikes out swinging
|
|
Batting: SHB Joshua Jackson
|
0-0: Called Strike 0-1: Ball 1-1: Fly out, F7 (Flyball, 7, EV 75.0 MPH)
|
| Top of the 6th over - 0 runs, 0 hits, 0 errors, 0 left on base; Hudson Valley 0 - Chicago (NYP) 0 |
| BOTTOM OF THE 6TH |
|
Chicago (NYP) White Sox batting - Pitching for Hudson Valley Renegades : LHP Jake Fields
|
|
Batting: RHB Eduardo Calderon
|
0-0: Called Strike 0-1: Foul Ball, location: 2F 0-2: Ball 1-2: Ground out 5-3 (Groundball, 5S, EV 68.8 MPH)
|
|
Batting: RHB Rafael Medina
|
0-0: SOLO HOME RUN (Flyball, 7D, EV 101.2 MPH), Distance : 395 ft
|
|
Batting: RHB Shintaro Katsumata
|
0-0: Called Strike 0-1: Ball 1-1: Ball 2-1: Foul Ball, location: 2F 2-2: Foul Ball, location: 2F 2-2: Strikes out swinging
|
|
Batting: SHB Danny Gallegos
|
0-0: Ball 1-0: Fly out, F8 (Flyball, 8RS, EV 93.1 MPH)
|
| Bottom of the 6th over - 1 run, 1 hit, 0 errors, 0 left on base; Hudson Valley 0 - Chicago (NYP) 1 |
| TOP OF THE 7TH |
|
Hudson Valley Renegades batting - Pitching for Chicago (NYP) White Sox : LHP Phil Peterson
|
|
Batting: RHB Joe Hartigan
|
0-0: Ball 1-0: SOLO HOME RUN (Flyball, 7D, EV 106.9 MPH), Distance : 381 ft
|
|
Batting: RHB Jon Gonzales
|
0-0: Called Strike 0-1: Ball 1-1: Swinging Strike 1-2: Ball 2-2: Ball 3-2: Strikes out swinging, 2-3 out at first.
|
|
Pitching: RHP Jose Barreras
|
|
|
Batting: RHB Mikey Sano
|
0-0: SINGLE (Groundball, 6MD, EV 105.6 MPH)
|
|
Batting: RHB Eric Waugaman
|
0-0: Foul Ball, location: 2F 0-1: Ground out 5-3 (Groundball, 56, EV 82.5 MPH) Mikey Sano to second
|
|
Pinch Hitting: RHB Kunizo Yanagisawa
|
0-0: Foul Ball, location: 2F 0-1: Called Strike 0-2: Fly out, F3 (Popup, 3S, EV 81.2 MPH)
|
| Top of the 7th over - 1 run, 2 hits, 0 errors, 1 left on base; Hudson Valley 1 - Chicago (NYP) 1 |
| BOTTOM OF THE 7TH |
|
Chicago (NYP) White Sox batting - Pitching for Hudson Valley Renegades : LHP Jake Fields
|
|
Now in CF: Kunizo Yanagisawa
|
|
|
Batting: RHB Jeremy Lewis
|
0-0: Ball 1-0: Ground out 6-3 (Groundball, 6, EV 86.9 MPH)
|
|
Batting: LHB Anthony Mosley
|
0-0: Foul Ball, location: 2F 0-1: Ball 1-1: Foul Ball, location: 2F 1-2: Strikes out swinging
|
|
Batting: RHB Steve Byerly
|
0-0: Swinging Strike 0-1: Foul Ball, location: 2F 0-2: Foul Ball, location: 2F 0-2: Ball 1-2: Strikes out swinging
|
| Bottom of the 7th over - 0 runs, 0 hits, 0 errors, 0 left on base; Hudson Valley 1 - Chicago (NYP) 1 |
| TOP OF THE 8TH |
|
Hudson Valley Renegades batting - Pitching for Chicago (NYP) White Sox : RHP Jose Barreras
|
|
Batting: SHB Chris Lockart
|
0-0: Called Strike 0-1: Foul Ball, location: 2F 0-2: Foul Ball, location: 2F 0-2: Strikes out swinging
|
|
Pinch Hitting: LHB Dan Hunt
|
0-0: Called Strike 0-1: SINGLE (Groundball, 34D, EV 96.9 MPH) (infield hit)
|
|
Batting: RHB Alex Koral
|
0-0: Called Strike Dan Hunt steals 2nd base 0-1: Ball 1-1: Ball 2-1: Ball 3-1: Ground out U3 (Groundball, 34, EV 81.9 MPH) Dan Hunt to third
|
|
Batting: SHB Joshua Jackson
|
0-0: Swinging Strike 0-1: Ball 1-1: Foul Ball, location: 2F 1-2: Strikes out swinging
|
| Top of the 8th over - 0 runs, 1 hit, 0 errors, 1 left on base; Hudson Valley 1 - Chicago (NYP) 1 |
| BOTTOM OF THE 8TH |
|
Chicago (NYP) White Sox batting - Pitching for Hudson Valley Renegades : LHP Jake Fields
|
|
Now at SS: Chris Glavin
|
|
|
Batting: RHB Sean Peake
|
0-0: Ball 1-0: SINGLE (Line Drive, 9S, EV 113.1 MPH)
|
|
Batting: RHB Andy Huntley
|
0-0: Foul Ball, location: 2F 0-1: Called Strike 0-2: Ball 1-2: Foul Ball, location: 2F 1-2: Ball 2-2: Ball 3-2: Base on Balls Sean Peake to second
|
|
Batting: RHB Eduardo Calderon
|
0-0: Called Strike 0-1: Foul Ball, location: 2F 0-2: Strikes out swinging
|
|
Pitching: RHP Bobby Valenzuela
|
|
|
Batting: RHB Rafael Medina
|
0-0: Foul Ball, location: 2F 0-1: Ball 1-1: Called Strike 1-2: Ball 2-2: Strikes out looking
|
|
Batting: RHB Shintaro Katsumata
|
0-0: Swinging Strike 0-1: Swinging Strike 0-2: Ball 1-2: Hit by Pitch Sean Peake to third Andy Huntley to second
|
|
Batting: SHB Danny Gallegos
|
0-0: Ball 1-0: Foul Ball, location: 2F 1-1: Swinging Strike 1-2: Foul Ball, location: 2F 1-2: Ball 2-2: Strikes out swinging
|
| Bottom of the 8th over - 0 runs, 1 hit, 0 errors, 3 left on base; Hudson Valley 1 - Chicago (NYP) 1 |
| TOP OF THE 9TH |
|
Hudson Valley Renegades batting - Pitching for Chicago (NYP) White Sox : RHP Jose Barreras
|
|
Batting: RHB Joe Hartigan
|
0-0: Foul Ball, location: 2F 0-1: Swinging Strike 0-2: Ball 1-2: Ball 2-2: Foul Ball, location: 2F 2-2: Ball 3-2: Foul Ball, location: 2F 3-2: Foul Ball, location: 2F 3-2: Strikes out swinging
|
|
Batting: RHB Jon Gonzales
|
0-0: Called Strike 0-1: Swinging Strike 0-2: Strikes out swinging
|
|
Batting: RHB Mikey Sano
|
0-0: Called Strike 0-1: Foul Ball, location: 2F 0-2: Ball 1-2: Strikes out swinging
|
| Top of the 9th over - 0 runs, 0 hits, 0 errors, 0 left on base; Hudson Valley 1 - Chicago (NYP) 1 |
| BOTTOM OF THE 9TH |
|
Chicago (NYP) White Sox batting - Pitching for Hudson Valley Renegades : RHP Bobby Valenzuela
|
|
Batting: RHB Jeremy Lewis
|
0-0: Ball 1-0: Ball 2-0: Called Strike 2-1: Swinging Strike 2-2: Ball 3-2: Foul Ball, location: 2F 3-2: Foul Ball, location: 2F 3-2: Foul Ball, location: 2F 3-2: Base on Balls
|
|
Batting: LHB Anthony Mosley
|
0-0: Grounds out, U3 (Groundball, 3L, EV 98.8 MPH)
|
|
Batting: RHB Steve Byerly
|
0-0: Intentional Walk
|
|
Batting: RHB Sean Peake
|
0-0: Called Strike 0-1: Foul Ball, location: 2F 0-2: Ball 1-2: Ball 2-2: Fielders Choice at 2nd, 5-4 (Groundball, 56, EV 80.0 MPH) Jeremy Lewis to third
|
|
Batting: RHB Andy Huntley
|
0-0: Foul Ball, location: 2F 0-1: Called Strike 0-2: Ball 1-2: Ball Sean Peake steals 2nd base (no throw) 2-2: Foul Ball, location: 2F 2-2: Ball 3-2: Base on Balls
|
|
Pitching: RHP Brandon Isabell
|
|
|
Pinch Hitting: RHB Bobby Heagle
|
0-0: Foul Ball, location: 2F 0-1: Foul Ball, location: 2F 0-2: Ball 1-2: Foul Ball, location: 2F 1-2: Ball 2-2: Foul Ball, location: 2F 2-2: Reached on error, E6 (Groundball, 56, EV 101.2 MPH) Jeremy Lewis scores
|
| Bottom of the 9th over - 1 run, 0 hits, 1 error, 2 left on base; Hudson Valley 1 - Chicago (NYP) 2 |
|